[Event "*** SCC Grand Prix: Titled Tuesday Blitz"]
[Site "Chess.com"]
[Date "2020.06.09"]
[Round "2"]
[White "seorobert1971"]
[Black "Lovinski"]
[Result "1-0"]
[WhiteElo "2702"]
[BlackElo "2355"]
[TimeControl "180+1"]
[EndTime "9:17:45 PDT"]
[Termination "seorobert1971 won by resignation"]

1. d4 d5 2. c4 e6 3. Nc3 a6 4. cxd5 exd5 5. Nf3 Nf6 6. Bg5 Be6 7. Bxf6 Qxf6 8.
Qb3 Ra7 9. Nxd5 Bxd5 10. Qxd5 Bb4+ 11. Kd1 O-O 12. a3 Rd8 13. Qe4 Bf8 14. e3 c5 15.
Bd3 g6 16. Ke2 b5 17. Qe5 Qb6 18. Rac1 cxd4 19. e4 Nc6 20. Qf6 Rd6 21. Qf4 Rad7 22. Rhd1 Bg7 23. Kf1 Rf6 24. Qg4 Rd8 25. h4 h5 26. Qg3 Re6 27. Ng5 Re7 28. f4 Na5 29. Qf2 Nc4 30. Bxc4 bxc4 31. Rxc4 Qb5 32. Qe2 d3 33.
Rxd3 Rxd3 34. Qxd3 Rd7 35. Rc8+ Bf8 36. Qxb5 axb5 37.
e5 Rd2 38. e6 f6 39. e7 1-0

[Event "*** SCC Grand Prix: Titled Tuesday Blitz"]
[Site "Chess.com"]
[Date "2020.06.09"]
[Round "2"]
[White "Slovak_fighter2000"]
[Black "Mbneu"]
[Result "1-0"]
[WhiteElo "2445"]
[BlackElo "2214"]
[TimeControl "180+1"]
[EndTime "9:17:46 PDT"]
[Termination "Slovak_fighter2000 won by resignation"]

1. Nf3 Nf6 2. c4 e6 3. g3 d5 4.
Bg2 c5 5. O-O Nc6 6. cxd5 exd5 7. d4 Be7 8. Nc3 O-O 9. Bg5 c4 10. Ne5 Be6 11. Nxc6 bxc6 12. Qa4 Qb6 13. e4 Qxb2 14.
Rfc1 Qa3 15. Qxc6 Rac8 16. Qb7 Rb8 17. Qc7 Rfc8 18. Qf4 Nh5 19. Qe3 Bxg5 20. Qxg5 Nf6 21. e5 Ne4 22. Nxe4 dxe4 23. Bxe4 Rd8 24. Qe3 Qxe3 25.
fxe3 Rb2 26. Rc2 Rxc2 27. Bxc2 Rb8 28. Rb1 Rxb1+ 29. Bxb1 c3 30. Kf2 Bxa2 31. Bc2 a5 32.
e4 Kf8 33. d5 Ke7 34. Ke3 Bc4 35. Kd4 Bb5 36. Kxc3 a4 37. Kb4 Bd7 38. Bxa4 1-0

[Event "*** SCC Grand Prix: Titled Tuesday Blitz"]
[Site "Chess.com"]
[Date "2020.06.09"]
[Round "2"]
[White "ZarinaShafigullina"]
[Black "Kostya26"]
[Result "1-0"]
[WhiteElo "2233"]
[BlackElo "2430"]
[TimeControl "180+1"]
[EndTime "9:17:47 PDT"]
[Termination "ZarinaShafigullina won by resignation"]

1. d4 d5 2. Nf3 Nf6 3. g3 Bf5 4.
c4 c6 5. Nc3 e6 6. Nh4 Bg6 7.
Qb3 Qc8 8. Nxg6 hxg6 9. Bg2 Nbd7 10. Bf4 Nh5 11. Bd2 Qc7 12. O-O-O Be7 13. Kb1 O-O 14.
e4 dxe4 15. Nxe4 Nhf6 16. Ng5 a5 17. h4 a4 18. Qf3 a3 19. b3 e5 20. Be3 Rad8 21. g4 exd4 22. Bxd4 Ne5 23. Qg3 Nfxg4 24.
f3 c5 25. Ba1 Bd6 26. fxg4 Nxc4 27. Qc3 Ne5 28. Ne4 f6 29. Nxd6 Rxd6 30. g5 c4 31. gxf6 gxf6 32. Bd5+ Kg7 33. Bxc4 Qe7 34. h5 b5 35.
Bxb5 Rfd8 36. Rxd6 Qxd6 37. hxg6 Nxg6 38. Qh3 Rh8 39.
Qg2 Rxh1+ 40. Qxh1 Qe5 41. Bxe5 1-0

[Event "*** SCC Grand Prix: Titled Tuesday Blitz"]
[Site "Chess.com"]
[Date "2020.06.09"]
[Round "2"]
[White "doctorcristian"]
[Black "dianamirza"]
[Result "1-0"]
[WhiteElo "2407"]
[BlackElo "2032"]
[TimeControl "180+1"]
[EndTime "9:17:47 PDT"]
[Termination "doctorcristian won by resignation"]

1. d4 Nf6 2. Nc3 g6 3. e4 d6 4. Bg5 Bg7 5. Qe2 h6 6. Bh4 Nc6 7. O-O-O Nh5 8. Nf3 Bg4 9. Qe3 Qd7 10. Be2 O-O-O 11. h3 Bxf3 12. Bxf3 Nf6 13. e5 Ne8 14. Bxc6 Qxc6 15. d5 Qc4 16. Bxe7 Bxe5 17. Qxa7 Ng7 18. Bxd8 Rxd8 19. Qa8+ Kd7 20. Qa4+ Qxa4 21. Nxa4 Ra8 22.
Nc3 Bxc3 23. bxc3 Rxa2 24. g4 Ra5 25. c4 Rc5 26. Rd4 Ne8 27. Kb2 Nf6 28. Ra1 b6 29. Kb3 h5 30. f3 hxg4 31. hxg4 Nh7 32. Kb4 Ng5 33. Rf1 Ke7 34. f4 Nh7 35. g5 Kd7 36.
Re4 Nf8 37. Rfe1 Nh7 38. Re7+ 1-0

[Event "*** SCC Grand Prix: Titled Tuesday Blitz"]
[Site "Chess.com"]
[Date "2020.06.09"]
[Round "2"]
[White "GigaQuparadze"]
[Black "kingmonkey2006"]
[Result "1-0"]
[WhiteElo "2835"]
[BlackElo "2564"]
[TimeControl "180+1"]
[EndTime "9:17:49 PDT"]
[Termination "GigaQuparadze won by checkmate"]

1. e4 c5 2. Nc3 d6 3. d4 cxd4 4. Qxd4 Nc6 5. Qd2 g6 6. b3 Bh6 7. f4 Nf6 8. Bb2 Bg4 9. h3 Bd7 10. Nge2 a6 11. g4 Bg7 12. O-O-O b5 13. Bg2 O-O 14. g5 Ne8 15. h4 Bg4 16. Rdg1 Rc8 17. Bf1 Qd7 18. Nd5 Bxb2+ 19. Kxb2 Ng7 20. Nb6 Qe6 21.
Nxc8 Rxc8 22. Nc3 b4 23. Nd5 Qxe4 24. Bxa6 Rb8 25. Re1 Qf3 26. Be2 Qg2 27. Rhg1 Qf2 28. Rxg4 Nd4 29. Nxe7+ Kh8 30. f5 Nf3 31. Qxd6 Re8 32.
f6 Nxe1 33. fxg7+ Kxg7 34. Rf4 Qxe2 35. Rxf7+ Kxf7 36. Qf6# 1-0

[Event "*** SCC Grand Prix: Titled Tuesday Blitz"]
[Site "Chess.com"]
[Date "2020.06.09"]
[Round "2"]
[White "picturesquecheck"]
[Black "CyberneticLion"]
[Result "0-1"]
[WhiteElo "2100"]
[BlackElo "2410"]
[TimeControl "180+1"]
[EndTime "9:17:50 PDT"]
[Termination "CyberneticLion won by resignation"]

1. e4 e5 2. Nf3 Nc6 3. Bb5 Nge7 4. c3 g6 5. d4 exd4 6. cxd4 a6 7.
Ba4 b5 8. Bb3 Bg7 9. d5 Na5 10.
Bd2 c5 11. Bc3 O-O 12. O-O d6 13. Bc2 f6 14. b3 b4 15. Bb2 c4 16. Bd4 cxb3 17.
axb3 Nb7 18. Nbd2 Nc5 19. Nc4 a5 20. Re1 Qc7 21. Rc1 Bd7 22. Bb1 Rfc8 23. h3 a4 24. bxa4 Bxa4 25. Qe2 Nb3 26. Be3 Nxc1 27. Rxc1 Bb5 28.
Nfd2 f5 29. exf5 Nxd5 30. Bd3 Nc3 31. Qg4 b3 32. fxg6 h6 33. Qe6+ Kh8 34. Nb6 b2 35. Rf1 Bxd3 36. Nxa8 Rxa8 0-1

[Event "*** SCC Grand Prix: Titled Tuesday Blitz"]
[Site "Chess.com"]
[Date "2020.06.09"]
[Round "2"]
[White "Baronessa08"]
[Black "AlexSuv"]
[Result "0-1"]
[WhiteElo "2371"]
[BlackElo "2778"]
[TimeControl "180+1"]
[EndTime "9:17:51 PDT"]
[Termination "AlexSuv won by resignation"]

1. c4 e5 2. g3 Nc6 3. Bg2 Bc5 4. Nc3 d6 5. e3 a6 6. Nge2 Ba7 7. d4 Nf6 8. O-O O-O 9. h3 h6 10. b3 Re8 11. Bb2 Bf5 12. Nd5 Bg6 13. Rc1 Rc8 14. a3 Ne4 15. dxe5 dxe5 16. b4 Ne7 17. Nxe7+ Qxe7 18. c5 Rcd8 19. Qa4 c6 20. Nc3 Nd2 21. Rfd1 Bb8 22. Ne2 Qf6 23. Nf4 Be4 24. Bc3 Bxg2 25. Kxg2 Ne4 26. Nd3 Rxd3 27. Rxd3 Qxf2+ 0-1

[Event "*** SCC Grand Prix: Titled Tuesday Blitz"]
[Site "Chess.com"]
[Date "2020.06.09"]
[Round "2"]
[White "amatatanav"]
[Black "Kapibara_Warri0r"]
[Result "1-0"]
[WhiteElo "2416"]
[BlackElo "2113"]
[TimeControl "180+1"]
[EndTime "9:17:52 PDT"]
[Termination "amatatanav won by checkmate"]

1. e4 e5 2. Bc4 Nf6 3. d3 c6 4. Nf3 d5 5. Bb3 a5 6. a4 Bd6 7. exd5 cxd5 8. Bg5 Be6 9. Nc3 Bb4 10. O-O Bxc3 11.
bxc3 h6 12. Bh4 g5 13. Bg3 e4 14. Nd4 O-O 15. f4 exf3 16. Qxf3 Nbd7 17. Nxe6 fxe6 18. Qe3 Qb6 19. Rae1 Rae8 20. c4 Nc5 21. Bf2 Rc8 22. cxd5 Nxd5 23. Qh3 Nf4 24. Qxh6 Nxb3 25. Bxb6 Rxc2 26.
Qxg5+ Kh7 27. Rxf4 Rg8 28. Rh4# 1-0

[Event "*** SCC Grand Prix: Titled Tuesday Blitz"]
[Site "Chess.com"]
[Date "2020.06.09"]
[Round "2"]
[White "EvgenyRomanov"]
[Black "Pintacara"]
[Result "1-0"]
[WhiteElo "2665"]
[BlackElo "2327"]
[TimeControl "180+1"]
[EndTime "9:17:53 PDT"]
[Termination "EvgenyRomanov won by resignation"]

1. d4 Nf6 2. c4 e6 3. Nc3 d5 4. e3 c6 5. Bd3 Nbd7 6. Nge2 b6 7.
O-O Bb7 8. e4 dxe4 9. Nxe4 Be7 10. Nxf6+ Nxf6 11. Bf4 O-O 12. Bc2 c5 13. a3 Qd7 14. dxc5 Qxd1 15. Rfxd1 bxc5 16. h3 Rfd8 17. Nc3 Rxd1+ 18. Rxd1 Rd8 19. Rxd8+ Bxd8 20. Kf1 Nd7 21. Bd6 Bc6 22. Ba4 Bxa4 23. Nxa4 Nb6 24. Nxb6 axb6 25. b4 f6 26. bxc5 bxc5 27. Bxc5 Kf7 28. a4 Ba5 29. Ke2 Ke8 30. Kd3 Kd7 31. Bf8 g5 32. c5 Kc6 33. Kc4 h5 34. Be7 g4 35. hxg4 hxg4 36.
Bxf6 Be1 37. f3 gxf3 38. gxf3 Ba5 39. Bc3 Bc7 40. a5 Bb8 41. a6 Ba7 42. Ba5 Bb8 43. Bb6 1-0

[Event "*** SCC Grand Prix: Titled Tuesday Blitz"]
[Site "Chess.com"]
[Date "2020.06.09"]
[Round "2"]
[White "AndrewDGreen"]
[Black "cassoulet"]
[Result "0-1"]
[WhiteElo "2333"]
[BlackElo "2611"]
[TimeControl "180+1"]
[EndTime "9:17:53 PDT"]
[Termination "cassoulet won by resignation"]

1. e4 d6 2. d4 Nf6 3. Nc3 Nbd7 4.
Nf3 e5 5. Bc4 Be7 6. a4 c6 7.
O-O Qc7 8. Nh4 exd4 9. Qxd4 Ne5 10. Bb3 Be6 11. Bxe6 fxe6 12. f4 Nf7 13. Nf3 e5 14.
fxe5 dxe5 15. Qc4 O-O-O 16. Be3 Nd6 17. Qe6+ Kb8 18. Nxe5 Rhe8 19. Nf7 Bf8 20. Nxd8 Qxd8 21. Qh3 Ndxe4 22. Nxe4 Rxe4 23. Bf4+ Ka8 24. Rad1 Qe8 25.
Bc7 Nd5 26. Ba5 b6 27. Bd2 h6 28. Qf3 Bc5+ 29. Kh1 Be3 30. b3 Bxd2 31. Rxd2 Re3 32. Qf7 Qxf7 33. Rxf7 Re1+ 0-1

[Event "*** SCC Grand Prix: Titled Tuesday Blitz"]
[Site "Chess.com"]
[Date "2020.06.09"]
[Round "2"]
[White "vitnik2020"]
[Black "PrinceMurad09"]
[Result "0-1"]
[WhiteElo "2299"]
[BlackElo "2515"]
[TimeControl "180+1"]
[EndTime "9:17:55 PDT"]
[Termination "PrinceMurad09 won by checkmate"]

1. e4 c5 2. Nf3 d6 3. d4 cxd4 4. Nxd4 Nf6 5. Nc3 g6 6. Be2 Bg7 7. Be3 Nc6 8. Qd2 O-O 9. O-O-O Ng4 10. Bxg4 Bxg4 11. f3 Bd7 12. Nxc6 bxc6 13. Bd4 Qa5 14. Bxg7 Kxg7 15. Qd4+ f6 16. f4 Rab8 17. a3 Qb6 18. Qxb6 axb6 19. a4 Rfd8 20. Rhe1 Be8 21. b4 e5 22. g3 h5 23. Kb2 Bf7 24. b5 cxb5 25.
axb5 Bc4 26. Rd2 Kf7 27. Ra1 Rb7 28. Ra4 Rc7 29. Ra6 Rb7 30. Ra4 Be6 31. Nd5 Bxd5 32. Rxd5 Ke7 33. Rc4 Rdd7 34. Rc6 Rd8 35. f5 gxf5 36.
exf5 Rdd7 37. h3 Rd8 38. g4 hxg4 39. hxg4 Rg8 40. Rdxd6 Rxg4 41. Re6+ Kd7 42. Rxf6 Rb4+ 43. Ka3 Rxb5 44. Rce6 Ra7# 0-1

[Event "*** SCC Grand Prix: Titled Tuesday Blitz"]
[Site "Chess.com"]
[Date "2020.06.09"]
[Round "2"]
[White "Bigfish1995"]
[Black "Karateloru"]
[Result "1-0"]
[WhiteElo "2982"]
[BlackElo "2607"]
[TimeControl "180+1"]
[EndTime "9:17:57 PDT"]
[Termination "Bigfish1995 won by resignation"]

1. e4 c5 2. Nf3 Nc6 3. Bb5 g6 4. O-O Bg7 5. Re1 Nf6 6. c3 O-O 7. h3 d5 8. e5 Nd7 9. d4 cxd4 10. cxd4 Re8 11. Nc3 Nf8 12. Qb3 a6 13. Bf1 Ne6 14. Be3 Nc7 15. Na4 b5 16. Nc5 Na5 17. Qc3 Nc4 18.
Bc1 Ne6 19. Nd3 Bb7 20. b3 Nb6 21. Be3 a5 22. Qd2 b4 23. Ng5 Nxg5 24. Bxg5 Ba6 25. a3 bxa3 26. Rxa3 a4 27. Nc5 Bxf1 28. Rxf1 axb3 29.
Rxb3 Nc4 30. Qf4 f6 31. exf6 exf6 32. Rb7 Qd6 33. Qf3 Qc6 34. Rfb1 Rf8 35. Bc1 Rae8 36. Kh2 g5 37. Qh5 Qd6+ 38. g3 Re1 39. Bf4 gxf4 40. Rxe1 fxg3+ 41. fxg3 Qc6 42. Rxg7+ 1-0

[Event "*** SCC Grand Prix: Titled Tuesday Blitz"]
[Site "Chess.com"]
[Date "2020.06.09"]
[Round "2"]
[White "SamuelGhimpu2003"]
[Black "AnishGiri"]
[Result "0-1"]
[WhiteElo "2602"]
[BlackElo "2961"]
[TimeControl "180+1"]
[EndTime "9:17:57 PDT"]
[Termination "AnishGiri won by resignation"]

1. b3 d5 2. Bb2 Bg4 3. Nf3 Nd7 4. d4 e6 5. Nbd2 Ngf6 6. c4 Bd6 7. e3 O-O 8. h3 Bh5 9. Be2 c6 10. O-O Qb8 11.
Qc2 a5 12. Rfe1 a4 13. Bd3 b5 14. Rab1 axb3 15. axb3 Ra2 16. Ra1 Rxa1 17. Rxa1 Rc8 18. Ba3 Bxa3 19. Rxa3 c5 20. dxc5 Bxf3 21. Nxf3 dxc4 22.
bxc4 b4 23. Ra5 Nxc5 24. Rb5 Qd6 25. Bf1 b3 26. Qb2 h6 27. Nd4 Nfe4 28. Nxb3 Na4 29.
Qc2 Nec3 30. Ra5 Qb4 31. Ra7 Qb6 32. Rd7 Nd5 33. Qd1 Nac3 34. Qd3 Nf6 35. c5 Qxb3 36.
Qd6 Nxd7 37. Qxd7 0-1

[Event "*** SCC Grand Prix: Titled Tuesday Blitz"]
[Site "Chess.com"]
[Date "2020.06.09"]
[Round "2"]
[White "TigrVShlyape"]
[Black "bait_or_mate"]
[Result "1/2-1/2"]
[WhiteElo "2900"]
[BlackElo "2594"]
[TimeControl "180+1"]
[EndTime "9:17:57 PDT"]
[Termination "Game drawn by repetition"]

1. d4 Nf6 2. Nf3 d5 3. Bf4 e6 4.
e3 c5 5. c3 Nc6 6. Nbd2 cxd4 7. exd4 Nh5 8. Bg3 g6 9. Ne5 f6 10. Nd3 Bg7 11. Be2 Nxg3 12. hxg3 O-O 13. Qb3 Na5 14. Qc2 Bd7 15. Nc5 b6 16. Nxd7 Qxd7 17. Bd3 e5 18. Bxg6 hxg6 19. Qxg6 e4 20. Nf1 f5 21. Ne3 Rf6 22. Qh7+ Kf7 23. Qh5+ Kf8 24.
Rh4 Qf7 25. Qg5 Nc4 26. Nxc4 dxc4 27. Ke2 e3 28. fxe3 Re8 29. Rf1 Qd5 30. Rf3 Re7 31. Rhf4 Ref7 32. Qh5 Rh6 33. Qg5 Rhf6 34. Qh5 Rh6 35.
Qg5 Rhf6 1/2-1/2

[Event "*** SCC Grand Prix: Titled Tuesday Blitz"]
[Site "Chess.com"]
[Date "2020.06.09"]
[Round "2"]
[White "chito89"]
[Black "colegiodemadrid"]
[Result "1-0"]
[WhiteElo "2738"]
[BlackElo "2369"]
[TimeControl "180+1"]
[EndTime "9:17:57 PDT"]
[Termination "chito89 won by resignation"]

1. e4 c5 2. Nc3 e6 3. Nf3 d6 4. d4 cxd4 5. Nxd4 Nf6 6. f4 a6 7. Bd3 Nbd7 8. O-O b5 9. Kh1 Bb7 10. Qe1 Rc8 11. e5 dxe5 12. fxe5 Ng4 13. Bf4 Bc5 14.
Qg3 h5 15. Nxe6 fxe6 16. Bg6+ Ke7 17. Rad1 Bd5 18. Rxd5 exd5 19. Nxd5+ Ke6 20. Qb3 Ndxe5 21. Nb6+ Nc4 22. Nxc4 bxc4 23. Qxc4+ Qd5 24. Bf7+ Kxf7 25. Qxd5+ Kg6 26. Qg5+ Kh7 27. Qf5+ Kg8 28. Qxc8+ Kh7 29. Qxc5 1-0

[Event "*** SCC Grand Prix: Titled Tuesday Blitz"]
[Site "Chess.com"]
[Date "2020.06.09"]
[Round "2"]
[White "PattyCastillo"]
[Black "boo786"]
[Result "0-1"]
[WhiteElo "1895"]
[BlackElo "2383"]
[TimeControl "180+1"]
[EndTime "9:17:57 PDT"]
[Termination "boo786 won on time"]

1. d4 Nf6 2. Nf3 d6 3. Nc3 Bf5 4.
Bg5 Ne4 5. Nxe4 Bxe4 6. e3 c6 7. c3 Nd7 8. Bd3 Bxd3 9. Qxd3 h6 10. Bh4 g6 11. O-O Bg7 12. Rad1 O-O 13. Rfe1 Re8 14.
e4 Qc7 15. Bg3 Rad8 16. Qc4 b5 17. Qb3 a6 18. a4 Qb7 19. axb5 cxb5 20. Ra1 Nb6 21.
Qc2 e6 22. e5 d5 23. Nd2 Ra8 24. b4 Rec8 25. Qb3 Nc4 26. Ra2 a5 27. bxa5 Nxa5 28.
Qb2 Nc6 29. Rea1 Rxa2 30. Rxa2 b4 31. cxb4 Qxb4 32. Qxb4 Nxb4 33. Ra1 Rc2 34. Nb3 Rb2 35. Nc5 Nc6 36. Re1 Nxd4 37. h4 Nf5 38. Bf4 Nxh4 39.
Nd7 g5 0-1

[Event "*** SCC Grand Prix: Titled Tuesday Blitz"]
[Site "Chess.com"]
[Date "2020.06.09"]
[Round "2"]
[White "Chessmatus"]
[Black "LileKoridze"]
[Result "1-0"]
[WhiteElo "2495"]
[BlackElo "2295"]
[TimeControl "180+1"]
[EndTime "9:17:58 PDT"]
[Termination "Chessmatus won by resignation"]

1. e4 c5 2. Nf3 d6 3. d4 cxd4 4. Nxd4 Nf6 5. Nc3 Nc6 6. Bg5 e6 7. Qd2 a6 8. O-O-O Bd7 9. Kb1 b5 10. a3 Be7 11. f4 Qc7 12. Bxf6 gxf6 13. f5 Ne5 14. Qh6 O-O-O 15. Qh5 Kb8 16. Be2 Nc4 17.
Bxc4 Qxc4 18. Qxf7 Rhe8 19. fxe6 Bc8 20. Nd5 Bf8 21.
e7 Bxe7 22. b3 Qc5 23. Nxe7 Ka8 24. Qd5+ Bb7 25. Qxc5 dxc5 26. Ndf5 Bxe4 27. Rxd8+ Rxd8 28. Re1 Bxg2 29. Re6 Kb7 30. Rxf6 Rd1+ 31. Kb2 Be4 32. Re6 Bf3 33. Re5 Rd2 34. Rxc5 Rxh2 35. Nd6+ Kb6 36.
Rc3 Bg4 37. Nec8+ Ka5 38. b4+ 1-0

[Event "*** SCC Grand Prix: Titled Tuesday Blitz"]
[Site "Chess.com"]
[Date "2020.06.09"]
[Round "2"]
[White "Grandmaster2B"]
[Black "Shushik"]
[Result "1-0"]
[WhiteElo "2430"]
[BlackElo "2173"]
[TimeControl "180+1"]
[EndTime "9:17:58 PDT"]
[Termination "Grandmaster2B won by resignation"]

1. e4 e5 2. Nf3 Nc6 3. Bb5 Nf6 4.
O-O Nxe4 5. Re1 Nd6 6. Nxe5 Be7 7. Bf1 O-O 8. d4 Bf6 9. c3 Nf5 10. Nd2 d6 11. Nxc6 bxc6 12. Bd3 g6 13. Ne4 Bg7 14. Bg5 f6 15. Bf4 Rb8 16. Rb1 Ne7 17. Qa4 Bd7 18. Qxa7 Nd5 19. Bd2 Ra8 20. Qb7 Nb6 21.
Ng3 d5 22. Bf4 Rxa2 23. Bxc7 Qc8 24. Qxb6 Rf7 25. Bd6 Be6 26. Qb8 Qxb8 27. Bxb8 Rf8 28. Bd6 Re8 29. Ba3 1-0

[Event "*** SCC Grand Prix: Titled Tuesday Blitz"]
[Site "Chess.com"]
[Date "2020.06.09"]
[Round "2"]
[White "Tsyhanchuk_Stanislav"]
[Black "CzechmVIII"]
[Result "0-1"]
[WhiteElo "2413"]
[BlackElo "2172"]
[TimeControl "180+1"]
[EndTime "9:17:58 PDT"]
[Termination "CzechmVIII won by resignation"]

1. e4 c5 2. Nf3 d6 3. d4 cxd4 4. Nxd4 Nf6 5. Nc3 g6 6. Be3 Bg7 7. f3 Nc6 8. Qd2 O-O 9. Bc4 Bd7 10. O-O-O Rc8 11. Bb3 Ne5 12. g4 b5 13. h4 b4 14.
Nd5 Nxd5 15. Bxd5 e6 16. Bb3 a5 17. Bh6 a4 18. Bxg7 Kxg7 19. h5 g5 20. f4 gxf4 21.
Qxf4 axb3 22. axb3 Kh8 23. g5 Ra8 24. Kd2 Qe7 25.
Rdg1 Rac8 26. Rh4 Rc5 27. Rf1 Bb5 28. Rf2 Ba6 29. g6 f6 30. gxh7 Qg7 31. Nxe6 Qg1 32. Nxc5 dxc5 33. Ke3 Qe1+ 0-1

[Event "*** SCC Grand Prix: Titled Tuesday Blitz"]
[Site "Chess.com"]
[Date "2020.06.09"]
[Round "2"]
[White "wonderfultime"]
[Black "Reader777"]
[Result "1-0"]
[WhiteElo "2987"]
[BlackElo "2608"]
[TimeControl "180+1"]
[EndTime "9:17:59 PDT"]
[Termination "wonderfultime won by resignation"]

1. d4 Nf6 2. Nf3 e6 3. Bf4 c5 4. c3 Nc6 5. e3 d5 6. Nbd2 Bd6 7. Bg3 O-O 8. Bb5 Ne7 9. Bd3 b6 10. O-O Bb7 11. a4 Ne4 12. a5 Nf5 13. Re1 Nfxg3 14. hxg3 f5 15. Qa4 Qc7 16. a6 Bc6 17. Bb5 Bxb5 18. Qxb5 c4 19. Rec1 Rac8 20. b3 cxb3 21. c4 Nxd2 22. Nxd2 Qc6 23. Qxb3 dxc4 24. Rxc4 Qd5 25. Rac1 Rxc4 26. Rxc4 e5 27. Qc2 exd4 28.
Rxd4 Qc5 29. Qb3+ Kh8 30. Nf3 h6 31. Rd5 Qc1+ 32. Rd1 Qc5 33. Nd4 Re8 34. Qf7 Rf8 35. Qxa7 Qd5 36. Qxb6 Rb8 37. Qc6 Qe5 38. Nf3 1-0

[Event "*** SCC Grand Prix: Titled Tuesday Blitz"]
[Site "Chess.com"]
[Date "2020.06.09"]
[Round "2"]
[White "Infernal_XaM"]
[Black "mbachez"]
[Result "1-0"]
[WhiteElo "2775"]
[BlackElo "2529"]
[TimeControl "180+1"]
[EndTime "9:18:00 PDT"]
[Termination "Infernal_XaM won by resignation"]

1. e4 e6 2. d4 b6 3. Bd3 Bb7 4. Qe2 c5 5. d5 Nf6 6. c4 e5 7.
Nc3 d6 8. f4 Nbd7 9. Nf3 g6 10.
fxe5 Nxe5 11. Nxe5 dxe5 12. Bc2 Be7 13. Bh6 Bf8 14. Bg5 Be7 15. Ba4+ Nd7 16. Bh6 Bf8 17. Bxf8 Kxf8 18. Bxd7 Qxd7 19. O-O Kg7 20. Qe3 f6 21. Rf2 Rhf8 22. a3 Rf7 23. Raf1 Raf8 24. Rf3 a6 25.
Rh3 h5 26. Rg3 Qd6 27. Rb1 Bc8 28. b4 f5 29. bxc5 bxc5 30. exf5 Bxf5 31. Re1 Kh7 32.
Rf3 Re8 33. Ne4 Qf8 34. Ng5+ Kg7 35. Nxf7 Qxf7 36. Qxc5 e4 37. Qd4+ Kh7 38. Rxe4 Rxe4 39. Qxe4 Qa7+ 40. Qe3 Qb7 41. h3 1-0

[Event "*** SCC Grand Prix: Titled Tuesday Blitz"]
[Site "Chess.com"]
[Date "2020.06.09"]
[Round "2"]
[White "GuuBol"]
[Black "AshotParvanyan"]
[Result "0-1"]
[WhiteElo "2231"]
[BlackElo "2451"]
[TimeControl "180+1"]
[EndTime "9:18:00 PDT"]
[Termination "AshotParvanyan won by resignation"]

1. e4 e5 2. Nc3 Nc6 3. Bc4 Nf6 4. d3 Na5 5. Bb3 Nxb3 6. axb3 d5 7. exd5 Nxd5 8.
Nf3 Nxc3 9. bxc3 Bd6 10. O-O O-O 11. Re1 f6 12. h3 Re8 13. Be3 a5 14. Nd2 b6 15.
Qf3 Rb8 16. Ne4 Bf8 17. Ng3 Qd7 18. Ra4 Bb7 19. Qh5 Qf7 20. Qg4 Qe6 21. Qe2 Qc6 22.
f3 Qd7 23. Rh4 g6 24. Bd2 Bg7 25.
Ne4 f5 26. Ng5 h6 27. Ne4 fxe4 28. Bxh6 exf3 29. gxf3 Bxh6 30. Rxh6 Kg7 31. Qe3 Qf5 32. Kh2 Rh8 33. Rxh8 Rxh8 34. f4 Qxf4+ 35. Qxf4 exf4 36. Re7+ Kf6 37. Rxc7 Bf3 38. Rc6+ Bxc6 0-1

[Event "*** SCC Grand Prix: Titled Tuesday Blitz"]
[Site "Chess.com"]
[Date "2020.06.09"]
[Round "2"]
[White "Moon_stone123"]
[Black "MF1966Idrisov"]
[Result "0-1"]
[WhiteElo "2453"]
[BlackElo "2280"]
[TimeControl "180+1"]
[EndTime "9:18:03 PDT"]
[Termination "MF1966Idrisov won by checkmate"]

1. e4 d6 2. d4 Nd7 3. Nc3 g6 4. Bg5 Bg7 5. f4 c5 6. dxc5 Nxc5 7. Nf3 Qb6 8. Nd5 Qd8 9. c3 Be6 10. Bb5+ Bd7 11. Qe2 h6 12. Bh4 a6 13. Bc4 b5 14.
Bb3 Nxb3 15. axb3 Bc6 16. O-O Bxd5 17. exd5 Nf6 18. Rfe1 O-O 19. Qxe7 Qxe7 20. Rxe7 Nxd5 21. Re4 f5 22. Re6 Nxf4 23. Rxd6 g5 24. Bf2 Rf6 25.
Rxf6 Bxf6 26. g3 Nd3 27. Bd4 Kf7 28. Bxf6 Kxf6 29. Ra2 Nc5 30. Nd4 Ke5 31. Nxb5 Nxb3 32. Nc7 Rd8 33. Nxa6 Rd1+ 34. Kf2 Rd2+ 35. Ke3 Rxh2 36.
Ra3 Rxb2 37. Nb4 f4+ 38. gxf4+ gxf4+ 39. Kf3 Nd2+ 40. Kg4 Ke4 41. Ra8 Nc4 42. Re8+ Ne5+ 43. Kh3 Rb3 44. Re6 Rxc3+ 45. Kh4 Kf5 46. Rxh6 Ng6+ 47.
Kh5 Rh3# 0-1

[Event "*** SCC Grand Prix: Titled Tuesday Blitz"]
[Site "Chess.com"]
[Date "2020.06.09"]
[Round "2"]
[White "BlackBoarder"]
[Black "chessfrendz"]
[Result "1-0"]
[WhiteElo "2652"]
[BlackElo "2322"]
[TimeControl "180+1"]
[EndTime "9:18:04 PDT"]
[Termination "BlackBoarder won on time"]

1. e4 e5 2. Nf3 Nc6 3. d4 exd4 4.
Bc4 Nf6 5. O-O Be7 6. e5 Ne4 7. Re1 d5 8. exd6 Nxd6 9. Bd5 Nb4 10. Bb3 O-O 11. Nxd4 Nf5 12. Nf3 Qxd1 13. Rxd1 Bf6 14.
c3 Nc6 15. Bf4 Bd8 16. Na3 Na5 17. Bc2 Be6 18. Nb5 c6 19. Nc7 Bxc7 20. Bxc7 Nc4 21. b3 Na3 22. Be4 Nb5 23. Be5 f6 24. c4 fxe5 25.
cxb5 cxb5 26. Nxe5 Rab8 27. Rac1 a6 28. Nd7 Bxd7 29.
Rxd7 Nh4 30. Rcc7 Rfe8 31. Rxg7+ Kh8 32. Rxh7+ 1-0

[Event "*** SCC Grand Prix: Titled Tuesday Blitz"]
[Site "Chess.com"]
[Date "2020.06.09"]
[Round "2"]
[White "theblitzchamp"]
[Black "Susal_De_Silva"]
[Result "1-0"]
[WhiteElo "2701"]
[BlackElo "2381"]
[TimeControl "180+1"]
[EndTime "9:18:05 PDT"]
[Termination "theblitzchamp won by resignation"]

1. d4 Nf6 2. Bf4 e6 3. e3 d5 4.
Nf3 Bd6 5. Nbd2 O-O 6. c3 c5 7. Bg3 b6 8. Bd3 Bb7 9. Qe2 Nc6 10. Rd1 Ne7 11. Ne5 Ne4 12. Bxe4 dxe4 13. dxc5 Bxe5 14.
Bxe5 Qc8 15. Bd6 Re8 16. Bxe7 Rxe7 17. cxb6 axb6 18. a3 Rc7 19. c4 Ba6 20. b3 Bb7 21. a4 Rd7 22. O-O Qc7 23. Nb1 Rad8 24. Nc3 Bc6 25. Rxd7 Rxd7 26. Rd1 f5 27. g3 g6 28. Rd2 Qe5 29. Rxd7 Bxd7 30. Qd2 Bc6 31. h4 Kg7 32. Ne2 h6 33. Qd8 g5 34. hxg5 hxg5 35.
Qxg5+ Kf7 36. Qd8 Qa1+ 37. Kg2 Qe5 38. Qxb6 Be8 39. Nf4 Bd7 40. Qb7 Ke7 41. Ng6+ 1-0

[Event "*** SCC Grand Prix: Titled Tuesday Blitz"]
[Site "Chess.com"]
[Date "2020.06.09"]
[Round "2"]
[White "LimeInTheCoconut"]
[Black "ZAbdumalik"]
[Result "0-1"]
[WhiteElo "2481"]
[BlackElo "2729"]
[TimeControl "180+1"]
[EndTime "9:18:06 PDT"]
[Termination "ZAbdumalik won by resignation"]

1. c4 c5 2. Nc3 g6 3. g3 Bg7 4. Bg2 d6 5. Nf3 e5 6. d3 Nc6 7. Nd2 Nge7 8. Nf1 O-O 9. Ne3 h6 10. a3 f5 11. Ned5 Be6 12. Rb1 Rc8 13. b4 b6 14. b5 Nb8 15. Nxe7+ Qxe7 16. Nd5 Qf7 17. e3 Nd7 18. a4 Nf6 19. Nxf6+ Qxf6 20. Bb2 Qf7 21. Qb3 f4 22. exf4 exf4 23. Bxg7 Kxg7 24.
Qb2+ Kh7 25. Be4 d5 26. cxd5 Bxd5 27. O-O f3 28. Rfe1 Qd7 29. Qe5 Qh3 30. Bxf3 Bxf3 31. Qe7+ Kg8 0-1

[Event "*** SCC Grand Prix: Titled Tuesday Blitz"]
[Site "Chess.com"]
[Date "2020.06.09"]
[Round "2"]
[White "LyonBeast"]
[Black "Mikhail_Golubev"]
[Result "1-0"]
[WhiteElo "2952"]
[BlackElo "2601"]
[TimeControl "180+1"]
[EndTime "9:18:07 PDT"]
[Termination "LyonBeast won on time"]

1. d4 Nf6 2. Bf4 g6 3. Nf3 Bg7 4. e3 O-O 5. Be2 d6 6. c3 Nc6 7. h3 Re8 8. O-O Bf5 9. Nbd2 e5 10. Bg3 Ne4 11. Nxe4 Bxe4 12. Qb3 b6 13. Rad1 Qe7 14. Qa4 exd4 15. cxd4 a6 16. Rc1 b5 17. Qa3 Reb8 18.
Nd2 Bd5 19. Bf3 Bxf3 20. Nxf3 Rb6 21. Rc2 a5 22. Rfc1 Qe8 23. b3 Nb4 24. Rxc7 Nd3 25. R1c2 Bf8 26. b4 Nxb4 27. Rc1 Nd5 28. R7c2 b4 29.
Qd3 Nc3 30. Nd2 Qb5 31. Qxb5 Rxb5 32. Nb1 Nxb1 33. Rxb1 a4 34. Kf1 b3 35. axb3 Rxb3 36. Ra1 a3 37. Ke2 d5 38. Raa2 Bb4 39. Bh4 Kg7 40.
f3 h6 41. e4 dxe4 42. fxe4 Bc3 43. Bf2 1-0